 Dungeon Crawl Stone Soup version 0.27.1-1-g398f81649c (webtiles) character file.

Game seed: 15799192083514353766

41 diana the Ducker (level 3, -4/27 HPs)
             Began as a Djinni Fire Elementalist on Sept 17, 2021.
             Slain by an ogre (27 damage)
             ... on level 2 of the Dungeon.
             The game lasted 00:01:59 (1856 turns).

diana the Ducker (Djinni Fire Elementalist)         Turns: 1856, Time: 00:02:01

Health: -4/27      AC:  2    Str:  7    XL:     3   Next: 75%
Gold:   61         EV: 13    Int: 17    God:
                   SH:  0    Dex: 13

rFire    + + .     SeeInvis .   (no weapon)
rCold    x . .     Faith    .   (no shield)
rNeg     . . .     Spirit   .   a - +0 robe
rPois    ∞         Reflect  .   (no helmet)
rElec    .         Harm     .   (no cloak)
rCorr    .         Rampage  .   (no gloves)
Will     .....                  (boots unavailable)
Stlth    ++........             (no amulet)
HPRegen  0.09/turn              (no ring)
MPRegen  0.00/turn              (no ring)

@: flying
A: sickness immunity, fire resistance 2, cold vulnerability 1, float, innate
caster, hp casting, extra vitality 1
a: no special abilities


You were on level 2 of the Dungeon.
You visited 1 branch of the dungeon, and saw 2 of its levels.

You collected 61 gold pieces.

Inventory:

Armour
 a - a +0 robe (worn)
Scrolls
 b - a scroll of blinking {unknown}
 c - a scroll of torment {unknown}


   Skills:
 + Level 1.3 Fighting
 * Level 3.3 Dodging
 - Level 1.5 Stealth
 + Level 2.7 Spellcasting


You couldn't memorise any spells.
You knew the following spells:

 Your Spells              Type           Power      Damage    Failure   Level
a - Foxfire               Conj/Fire      44%        2x1d6     6%          1
b - Conjure Flame         Conj/Fire      11%        6-21      19%         3
c - Inner Flame           Hex/Fire       11%        N/A       19%         3
d - Sticky Flame          Conj/Fire      11%        2d3       52%         4
e - Fireball              Conj/Fire      5%         3d5       86%         5
f - Sandblast             Erth           22%        2d7       6%          1
Your spell library was empty.

Dungeon Overview and Level Annotations

Branches:
Dungeon (2/15)

Altars:

Shops:
D:1 *=[


Innate Abilities, Weirdness & Mutations

You are immune to sickness and miasma.
You are immune to poison.
Your flesh is very heat resistant. (rF++)
You are vulnerable to cold. (rC-)
You float through the air rather than walking.
You learn spells naturally, not from books.
Your magical power is your life essence.
You have superior vitality. (+4 HP)


Message History

Found 17 gold pieces.
A bat is nearby!
You conjure some foxfire!
The bat misses you.
You conjure some foxfire!
The foxfire hits the bat.
The bat is severely wounded.
The bat closely misses you.
The foxfire hits the bat.
You kill the bat!
You conjure some foxfire!
Your foxfire dissipates!
Your foxfire dissipates! x2
Your foxfire dissipates!
There is a large open door here.
You see here a bat corpse.
There is a fountain of clear blue water here.
You now have 61 gold pieces (gained 17).
You reach down and open the large door.
There is a large open door here.
An ogre comes into view. It is wielding a +0 giant spiked club.
The ogre shouts!
An ogre is nearby!
An ogre is nearby!
You conjure some foxfire!
You conjure some foxfire!
There is not enough space to conjure foxfire!
Your foxfire dissipates!
The foxfire hits the ogre.
The ogre is lightly wounded.
The foxfire hits the ogre.
The ogre is moderately wounded.
The foxfire hits the ogre.
The ogre is heavily wounded.
There is a large open door here.
You conjure some foxfire!
The ogre closely misses you.
You conjure some foxfire!
The foxfire hits the ogre.
The ogre is severely wounded.
The foxfire hits the ogre.
The ogre is almost dead.
The ogre hits you with a +0 giant spiked club!!
Ouch! That really hurt!
You die...

###################
###
..................#
..##
####..####.##...#.#
... #).# #.###†'###
.. #..# #.#≈≈..§≈#
.# #<.#
#.#≈..§v≈##.# #..#
#.+...§@O'..# #..#
#.+..⌠v..'.## #..#
###≈....≈### #..#
#≈≈..≈≈# ####..#
###++##### ...†..#
##......... ####..#
##.#.#######
......####.###.###
..........## ##..#


You could see an ogre (ally target).

Vanquished Creatures
  An adder (D:2)
  A dart slug (D:1)
  2 ball pythons (D:1)
  2 bats
  4 endoplasms
  2 giant cockroaches (D:1)
  5 goblins
  2 hobgoblins (D:1)
  2 quokkas (D:1)
  5 rats
26 creatures vanquished.

Vanquished Creatures (others)
  136 foxfires
136 creatures vanquished.

Grand Total: 162 creatures vanquished

Notes
Turn   | Place    | Note
-------+----------+-------------------------------------------
     0 | D:1      | diana the Djinni Fire Elementalist began the quest for the
                  | Orb.
     0 | D:1      | Reached XP level 1. HP: 15/15 MP: 0/0
     7 | D:1      | Found Jepyit's General Store.
   205 | D:1      | Reached XP level 2. HP: 17/22 MP: 0/0
   471 | D:1      | Found Ceerphidgh's Jewellery Boutique.
   852 | D:1      | Reached skill level 3 in Dodging
  1002 | D:1      | Reached skill level 1 in Fighting
  1002 | D:1      | Reached XP level 3. HP: 22/27 MP: 0/0
  1002 | D:1      | Learned a level 1 spell: Sandblast
  1276 | D:1      | Found Ruiferu's Antique Armour Shoppe.
  1849 | D:2      | Noticed an ogre
  1856 | D:2      | Slain by an ogre

Illustrated notes

Levels and vault maps discovered:
D:1:      saegor_arrival_simple_c, layout_loops_cross, serial_shops, shop, shop,
          nicolae_shop_stone
D:2:      layout_loops_ring, kennysheep_generic_room_12

Skill      XL: |  1  2 |
---------------+-------+-----
Dodging        | 3 |  3.3
Fighting       | 1 |  1.3
Stealth        | |  1.5
Spellcasting   | |  2.7

Action                   || total
-------------------------++-------
 Cast: Foxfire           ||    92
Armor: Robe              ||     1
Dodge: Dodged            ||     4
